 Dungeon Crawl Stone Soup version 0.19.0-9-gfd783f2 (webtiles) character file.

60 N00M the Charlatan (level 3, -1/28 HPs)
             Began as a Draconian Artificer on Nov 8, 2016.
             Was an Initiate of Gozag.
             Slain by an orc priest
             ... wielding a +0 trident
              (5 damage)
             ... on level 3 of the Dungeon.
             The game lasted 00:26:45 (1913 turns).

N00M the Charlatan (Draconian Artificer)            Turns: 1913, Time: 00:26:46

Health: -1/28      AC:  6    Str: 15    XL:     3   Next: 80%
Magic:  6/6        EV: 12    Int: 11    God:    Gozag
Gold:   210        SH:  0    Dex: 11    Spells: 0 memorised, 2 levels left

rFire  . . .     SeeInvis .     t - -1 dagger (curse)
rCold  . . .     Gourm    .     (armour unavailable)
rNeg   . . .     Faith    .     (no shield)
rPois  .         Spirit   .     (helmet restricted)
rElec  .         Reflect  .     (no cloak)
rCorr  .         Harm     .     (no gloves)
MR     +....                    q - +0 pair of boots
Stlth  ..........               (no amulet)
                                p - ring of protection from magic
                                b - ring of loudness (curse)

@: gold aura
A: unfitting armour, cold-blooded, AC +5
a: Potion Petition, Call Merchant, Bribe Branch, Renounce Religion


You were on level 3 of the Dungeon.
You worshipped Gozag.
Gozag was aware of your devotion.
You were not hungry.

You visited 1 branch of the dungeon, and saw 5 of its levels.

You collected 262 gold pieces.
You paid 52 gold pieces to Gozag.

Inventory:

Hand Weapons
 a - a +1 short sword
 s - a +2 dagger of venom
 t - a cursed -1 dagger (weapon)
 v - a +0 dagger
 w - a +0 hunting sling
Missiles
 e - 83 stones (quivered)
 j - 20 sling bullets
Armour
 q - a +0 pair of boots (worn)
Jewellery
 b - a cursed ring of loudness (left hand)
 k - an uncursed ring of positive energy
 p - a ring of protection from magic (right hand)
 y - an uncursed ring of resist corrosion {unknown}
Wands
 c - a wand of enslavement (19/24)
 d - a wand of random effects (0/48)
Scrolls
 m - a scroll of teleportation
 n - a scroll of recharging
Potions
 i - 2 potions of might
 u - 3 potions of curing {unknown}
Comestibles
 f - 3 bread rations
 g - 2 royal jellies
 l - a slice of pizza
 o - 4 fruits
 x - a meat ration


   Skills:
 + Level 1.1 Fighting
 + Level 1.4 Short Blades
 + Level 0.1 Throwing
 + Level 2.4 Dodging
 + Level 1.0 Stealth
 + Level 4.1 Evocations


You had 2 spell levels left.
You didn't know any spells.

Dungeon Overview and Level Annotations

Branches:
Dungeon (5/15)
 Temple: D:4-7

Altars:
Fedhas
Gozag
Qazlal
Uskayaw
The Shining One


Innate Abilities, Weirdness & Mutations

Your plain brown scales are hard. (AC +5)
You cannot fit into any form of body armour.
You are cold-blooded and may be slowed by cold attacks.


Message History

The kobold hits you but does no damage.
You hit the kobold but do no damage. The kobold misses you.
You closely miss the kobold. The kobold hits you but does no damage.
As you read the scroll labeled MOYGAUR UHOA, it crumbles to dust.
The creatures around you are filled with an inner flame!
It was a scroll of immolation.
The kobold barely misses you.
As you read the scroll labeled CONKUNGUOT, it crumbles to dust.
You feel aware of your surroundings.
It was a scroll of magic mapping.
The orc priest misses you. The kobold closely misses you.
You are a level 3 Draconian Artificer.
You are 80% of the way to level 4.
Play time: 00:26:37 (1910 turns)
You hit the kobold.
You tail-slap the kobold, but do no damage.
The kobold is heavily wounded.
The orc priest hits you but does no damage.
The kobold closely misses you.
The quokka is distracted by the nearby gold.
The orc priest hits you from afar with a trident.
You die...
Your body crumbles into a pile of gold.

###...#######[##.# #.# #######
###...#######.##.####.## #......
..+...[.....)....$....>####....[.
###...#######.##.####.$..........
###...# #.##....r............
#.....# #)##.................
#.....#######.##K......####......
#.............##..o....# #######
'..............#@......########**
#####..........#......$........,*
.# #........#.#.####..########,*
.# ###.######.#.........* *,* .#
#.# #.#######.#.******$* .# #.#
#.#*** *..#.#,,,,*,* [#
#.#****#..*,* *..#,o,,*,*,* .#
#..,,,,...,,* #..#,$.,*,*,* .#
*,,****##.#,* #.(#,,..,,*,*


You could see an orc priest (inner flame), a quokka (unaware) and a kobold
(inner flame).

Vanquished Creatures
  An adder (D:2)
  An ooze (D:3)
  A dart slug (D:2)
  An orc (D:3)
  A giant cockroach (D:2)
  6 hobgoblins
  4 jackals (D:2)
  2 kobolds
  2 quokkas (D:2)
  A ball python (D:2)
  7 bats
  A frilled lizard (D:2)
  6 goblins
  A quokka zombie (D:3)
  2 rats (D:3)
37 creatures vanquished.

Vanquished Creatures (collateral kills)
  An ooze (D:4)
  An orc (D:3)
2 creatures vanquished.

Vanquished Creatures (others)
  An orc (D:3)
  A hobgoblin (D:2)
2 creatures vanquished.

Grand Total: 41 creatures vanquished

Notes
Turn   | Place    | Note
-------+----------+-------------------------------------------
     0 | D:1      | N00M the Draconian Artificer began the quest for the Orb.
     0 | D:1      | Reached XP level 1. HP: 16/16 MP: 3/3
   416 | D:1      | Reached XP level 2. HP: 23/23 MP: 4/4
   889 | D:2      | Reached XP level 3. HP: 11/28 MP: 5/5
   912 | D:2      | Found a stormy altar of Qazlal.
   920 | D:2      | Reached skill level 4 in Evocations
  1240 | D:2      | Found a glowing golden altar of the Shining One.
  1242 | D:2      | Found a blossoming altar of Fedhas.
  1244 | D:2      | Found a hide-covered altar of Uskayaw.
  1245 | D:2      | Found an opulent altar of Gozag.
  1346 | D:2      | Became a worshipper of Gozag Ym Sagoz the Greedy
  1373 | D:2      | Reached skill level 1 in Stealth
  1818 | D:5      | Entered Level 5 of the Dungeon
  1913 | D:3      | Slain by an orc priest

Skill      XL: |  1  2  3 |
---------------+----------+-----
Dodging        | 2 |  2.4
Evocations     | 4 |  4.1
Stealth        | 1 |  1.0
Fighting       | |  1.1
Short Blades   | |  1.4
Throwing       | |  0.1

Action                   || total
-------------------------++-------
Melee: Short sword       ||    20
       Dagger            ||   153
       Tailslap          ||    13
Throw: Stone             ||    14
Evoke: Wand              ||    39
  Use: Scroll            ||    11
 Stab: Paralysed         ||     3
  Eat: Meat ration       ||     1
       Chunk             ||     1
Armor: Skin              ||   107
Dodge: Dodged            ||   139
